 Dungeon Crawl Stone Soup version 0.18.1-50-g88ac8fd (webtiles) character file.

442 vo288 the Poker (level 7, -4/52 HPs)
             Began as a Formicid Fighter on Nov 4, 2016.
             Killed by nerve-wracking pain
             ... invoked by an orc priest
              (13 damage)
             ... on level 3 of the Dungeon.
             The game lasted 00:07:24 (3434 turns).

vo288 the Poker (Formicid Fighter)                  Turns: 3434, Time: 00:07:25

Health: -4/52      AC: 10    Str: 22    XL:     7   Next: 23%
Magic:  7/7        EV:  8    Int:  7    God:
Gold:   139        SH:  9    Dex: 11    Spells: 0 memorised, 6 levels left

rFire  . . .     SeeInvis +     C - +0 scythe
rCold  + . .     Gourm    .     b - +0 scale mail
rNeg   . . .     Faith    .     c - +0 shield
rPois  .         Spirit   .     (helmet unavailable)
rElec  .         Dismiss  .     u - +1 cloak {+Inv}
rCorr  +         Reflect  .     r - +0 pair of gloves
SustAt .         Harm     .     (no boots)
MR     .....                    (no amulet)
Stlth  ..........               y - ring of resist corrosion
                                e - ring of protection from cold

@: not resistant to hostile enchantments, extremely unstealthy
A: permanent stasis, dig shafts and tunnels, four strong arms, antennae 3
a: Dig, Shaft Self, Evoke Invisibility


You were on level 3 of the Dungeon.
You were hungry.

You visited 1 branch of the dungeon, and saw 4 of its levels.

You collected 139 gold pieces.

Inventory:

Hand Weapons
 C - a +0 scythe (weapon)
Armour
 b - a +0 scale mail (worn)
 c - a +0 shield (worn)
 r - a +0 pair of gloves (worn)
 u - a +1 cloak of invisibility (worn)
Jewellery
 e - a ring of protection from cold (left hand)
 y - a ring of resist corrosion (right hand)
Scrolls
 h - 8 scrolls of identify {unknown}
 k - a scroll of magic mapping {unknown}
 l - 2 scrolls of blinking {unknown}
 m - 2 scrolls of enchant armour {unknown}
 o - 2 scrolls of amnesia {unknown}
 p - 2 scrolls of remove curse {unknown}
 q - 2 scrolls of noise {unknown}
Potions
 d - 3 potions of might
 g - a potion of berserk rage
 j - a potion of heal wounds {unknown}
 n - a potion of haste {unknown}
 s - a potion of cure mutation {unknown}
 v - a potion of mutation {unknown}
 w - 2 potions of agility {unknown}
 x - a potion of degeneration {unknown}
 z - a potion of brilliance {unknown}
 B - 2 potions of curing
Books
 a - a book of Unlife

   Spells                             Type                      Level
   a - Recall                         Summoning/Translocation      3
   b - Animate Dead                   Necromancy                   4
   c - Control Undead                 Necromancy                   4
   d - Cigotuvi's Embrace             Necromancy                   5
   e - Death Channel                  Necromancy                   6
   f - Simulacrum                     Ice/Necromancy               6
Comestibles
 f - a bread ration
 i - 6 fruits
 t - a meat ration
 A - a beef jerky


   Skills:
 - Level 3.2 Fighting
 + Level 7.3 Polearms
 - Level 3.2 Armour
 - Level 3.6 Shields


You had 6 spell levels left.
You didn't know any spells.

Dungeon Overview and Level Annotations

Branches:
Dungeon (4/15)
 Temple: D:4-7

Altars:
Ru


Innate Abilities, Weirdness & Mutations

You are under a permanent stasis effect.
You can dig through walls and to a lower floor.
Your four strong arms can wield two-handed weapons with a shield.
You have a pair of large antennae on your head (SInv).


Message History

The orc hits you but does no damage.
The orc priest calls down the wrath of Beogh upon you.
Beogh smites you! The orc barely misses you.
You slash the orc!
You kill the orc!
The orc priest invokes the aid of Beogh against you.
Beogh smites you!
* * * LOW HITPOINT WARNING * * *
The orc priest hits you with a hand axe.
* * * LOW HITPOINT WARNING * * *
You climb upwards.
There is a stone staircase leading down here.
You hit the orc priest.
The orc priest is moderately wounded.
You block the orc priest's attack.
You closely miss the orc priest.
The orc priest is moderately wounded.
The orc priest calls down the wrath of Beogh upon you.
Pain shoots through your body!
You die...

#........# ####.#.##.....#.......
#.###..########.#.##.......######
#.###...........#)<.#.#......# #
#.##.)...........##.......##.####
#.##...)[........).##.#.#..#.....
#.##............##..#...##.#.....
#.##............###..#..##.......
#.##............###.....###......
#.##...........o@##.#............
#.#............#.##.##....#......
..#............#..#.#..#.##......
.....#.#.########...#......<.....
....##...# ##..#.......####.
...###..## ##.......### #.
....##..# #######...##### #.
..#.....#####.........# ##
..#.##...............## #


You could see an orc priest.

Vanquished Creatures
  Sigmund (D:4)
  A scorpion (D:4)
  An orc priest (D:2)
  A worker ant (D:4)
  A gnoll (D:2)
  5 adders
  2 oozes
  2 worms
  A dart slug (D:2)
  6 giant geckos
  18 orcs
  7 bats
  2 giant cockroaches (D:1)
  8 goblins
  11 hobgoblins
  4 jackals (D:2)
  A quokka (D:2)
  6 giant newts
  5 kobolds
  9 rats
92 creatures vanquished.

Notes
Turn   | Place    | Note
--------------------------------------------------------------
     0 | D:1      | vo288 the Formicid Fighter began the quest for the Orb.
     0 | D:1      | Reached XP level 1. HP: 18/18 MP: 1/1
    49 | D:1      | Reached XP level 2. HP: 24/24 MP: 2/2
   291 | D:1      | Reached skill level 3 in Polearms
   500 | D:1      | Reached XP level 3. HP: 29/29 MP: 3/3
  1027 | D:2      | Reached skill level 4 in Polearms
  1027 | D:2      | Reached XP level 4. HP: 9/35 MP: 4/4
  1364 | D:2      | Found a sacrificial altar of Ru.
  1849 | D:2      | Reached XP level 5. HP: 36/41 MP: 5/5
  2215 | D:2      | Reached skill level 5 in Polearms
  2897 | D:3      | Reached XP level 6. HP: 44/47 MP: 6/6
  3154 | D:4      | Noticed Sigmund
  3178 | D:4      | Killed Sigmund
  3178 | D:4      | Reached skill level 6 in Polearms
  3317 | D:4      | Reached skill level 7 in Polearms
  3317 | D:4      | Reached XP level 7. HP: 51/52 MP: 7/7
  3434 | D:3      | Killed from afar by an orc priest

Skill      XL: |  1  2  3  4  5  6 |
---------------+-------------------+-----
Polearms       | 3 4 5 7 |  7.3
Fighting       | |  3.2
Armour         | |  3.2
Shields        | |  3.6

Action                   |  1- 3 |  4- 6 |  7- 9 || total
-------------------------+-------+-------+-------++-------
Melee: Trident           |   122 |   221 |       ||   343
       Scythe            |       |     9 |    24 ||    33
  Use: Potion            |       |     2 |       ||     2
  Eat: Chunk             |     1 |     7 |       ||     8
Armor: Scale mail        |    56 |    91 |    14 ||   161
Dodge: Dodged            |    29 |    62 |    11 ||   102
Block: Shield            |    67 |   111 |    20 ||   198
